 Dungeon Crawl Stone Soup version 0.29.1-2-gbd0b4ee654 (webtiles) character file.

Game seed: 15508035382031966221

2 DemonSlayer the Firebug (level 1, -5/13 HPs)
             Began as a Demonspawn Fire Elementalist on Nov 17, 2022.
             Slain by a gnoll
             ... wielding a +0 spear
              (6 damage)
             ... on level 1 of the Dungeon.
             The game lasted 00:00:59 (426 turns).

DemonSlayer the Firebug (DsFE)                       Turns: 426, Time: 00:01:00

Health: -5/13      AC:  3    Str:  8    XL:     1   Next: 33%
Magic:  0/3        EV: 11    Int: 16    God:
Gold:   13         SH:  0    Dex: 13    Spells: 3/4 levels left

rFire   . . .      SeeInvis .   g - +0 long sword
rCold   . . .      Faith    .   (no shield)
rNeg    . . .      Spirit   .   e - +0 leather armour
rPois   .          Reflect  .   (no helmet)
rElec   .          Harm     .   (no cloak)
rCorr   .          Rampage  .   (no gloves)
Will    .....                   (no boots)
Stlth   ++........              (no amulet)
HPRegen 0.04/turn               (no ring)
MPRegen 0.08/turn               (no ring)

@: no status effects
A: no striking features
a: no special abilities


You were on level 1 of the Dungeon.
You visited 1 branch of the dungeon, and saw 1 of its levels.

You collected 13 gold pieces.

Inventory:

Hand Weapons
 g - a +0 long sword (weapon)
Armour
 e - a +0 leather armour (worn)
Scrolls
 a - a scroll of identify {unknown}
 c - a scroll of fog {unknown}
 f - a scroll of teleportation {unknown}
Potions
 b - a potion of magic
 d - a potion of lignification {unknown}


   Skills:
 + Level 1.9 Dodging
 + Level 1.7 Stealth
 + Level 2.0 Spellcasting
 + Level 1.0 Conjurations
 + Level 2.8 Fire Magic


You had 3 spell levels left.
You knew the following spells:

 Your Spells              Type           Power      Damage    Failure   Level
a - Foxfire               Conj/Fire      28%        2x1d5     14%         1

Your spell library contained the following spells:

 Spells                   Type           Power      Damage    Failure   Level
 Scorch                   Fire           20%        2d6       14%         2
 Magic Dart               Conj           16%        1d3       21%         1
 Conjure Flame            Conj/Fire      7%         6-21      38%         3
 Inner Flame              Hex/Fire       6%         N/A       45%         3
 Flame Wave               Conj/Fire      7%         2d5       80%         4
 Fulminant Prism          Conj/Hex       1%         3d6       94%         4
 Hailstorm                Conj/Ice       3%         3d3       94%         4
 Ice Form                 Ice/Tmut       1%         N/A       96%         4
 Orb of Destruction       Conj           2%         9d5       100%        7


Dungeon Overview and Level Annotations

Branches:
Dungeon (1/15)

Altars:


Message History

You are out of magic!
You hit the hobgoblin.
You kill the hobgoblin!
The foxfire hits the hobgoblin.
The hobgoblin is almost dead.
Your magical contamination has completely faded away.
You conjure some foxfire!
The foxfire hits the hobgoblin.
You kill the hobgoblin!
You are out of magic!
You are out of magic!
Your foxfire dissipates!
Magic restored.
You see here a hobgoblin corpse.
A gnoll comes into view. It is wielding a +0 spear.
The gnoll shouts!
A gnoll is nearby!
A gnoll is nearby!
A gnoll is nearby!
You conjure some foxfire!
You conjure some foxfire!
The foxfire hits the gnoll.
The gnoll is lightly wounded.
The foxfire hits the gnoll.
The gnoll is moderately wounded.
You conjure some foxfire!
The gnoll closely misses you.
Your foxfire dissipates!
The gnoll hits you with a +0 spear.
You barely miss the gnoll.
The gnoll is lightly wounded.
The gnoll closely misses you. x2
You hit the gnoll but do no damage.
The gnoll is lightly wounded.
The gnoll hits you with a +0 spear.
You barely miss the gnoll.
The gnoll is lightly wounded.
The gnoll hits you with a +0 spear.
* * * LOW HITPOINT WARNING * * *
Your foxfire dissipates!
The gnoll barely misses you.
The gnoll hits you from afar with a +0 spear.
You die...

#≈. #.# #.##.##.# #≈g
#.#####.##.##.#
#.###.##....##.##.#
#...#.##.#####.##.#
###.#.##.# #.##.#
#.#.##.#####.##.#
#g#.............###
#######.####.#####.###...
##.......@..†...........†.
#..##########.#####.###...
#.############### #.# ##..
#.###.PbPP...P.P###.# #.#
#.#


P..bP ..... #.# #.# #.#################.# #.. #...................# ###
##################### You could see a gnoll.

Vanquished Creatures
  2 hobgoblins (D:1)
2 creatures vanquished.

Vanquished Creatures (others)
  6 foxfires (D:1)
6 creatures vanquished.

Grand Total: 8 creatures vanquished

Notes
Turn   | Place    | Note
-------+----------+-------------------------------------------
     0 | D:1      | DemonSlayer the Demonspawn Fire Elementalist began the
                  | quest for the Orb.
     0 | D:1      | Reached XP level 1. HP: 13/13 MP: 3/3
    83 | D:1      | Got Man Efikkih's Handbook of Numb Damage Dealing
   426 | D:1      | Slain by a gnoll

Illustrated notes

Levels and vault maps discovered:
D:1:      psy_arrival_conway, layout_loops_ring, serial_aquarium,
          aquarium_bridge_square [aquarium_subvault_window,
          aquarium_subvault_wall, aquarium_subvault_bridge,
          aquarium_subvault_bridge], aquarium_window_fake, aquarium_window_3,
          aquarium_view_2d, aquarium_pool_1, minmay_misc_feat_iff,
          amcnicky_mini_rare_corridor_liquid

Action                   || total
-------------------------++-------
Melee: Long sword        ||     4
 Cast: Foxfire           ||     6
Dodge: Dodged            ||     5
